 Dungeon Crawl Stone Soup version 0.30.0-5-g1a98f26d00 (webtiles) character file.

Game seed: 5356847973946597623

100 Cheops the Ruffian (level 4, -11/38 HPs)
             Began as a Ghoul Monk on May 11, 2023.
             Mangled by Terence
             ... wielding a +2 flail of protection
              (14 damage)
             ... on level 3 of the Dungeon.
             The game lasted 00:02:34 (1472 turns).

Cheops the Ruffian (Ghoul Monk)                     Turns: 1472, Time: 00:02:34

Health: -11/38     AC:  2    Str: 16    XL:     4   Next: 74%
Magic:  3/3        EV: 12    Int:  5    God:
Gold:   144        SH:  0    Dex: 11    Spells: 3/3 levels left

rFire   . .          .
                       - Unarmed
rCold   + . .        c - orb {light}
rNeg    + + +        a - +0 robe
rPois   ∞            (no helmet)
rElec   .            (no cloak)
rCorr   .            (no gloves)
SInv    .            (no boots)
Will    .....        (no amulet)
Stlth   +            (no ring)
HPRegen 0.00/turn    (no ring)
MPRegen 0.08/turn

%: no passive effects
@: inhibited regen, hasted, glowing, very quick
A: claws 1, cold resistance 1, negative energy resistance 3, inhibited
regeneration, torment resistance 2, devour on kill
a: no special abilities


You were on level 3 of the Dungeon.
You visited 1 branch of the dungeon, and saw 3 of its levels.

You collected 144 gold pieces.

Inventory:

Armour
 a - a +0 robe (worn)
 c - an orb of light (worn)
Scrolls
 g - a scroll of blinking {unknown}
 h - 2 scrolls of identify {unknown}
 i - a scroll of enchant armour {unknown}
Potions
 b - a potion of ambrosia
 e - a potion of attraction {unknown}
 f - a potion of might


   Skills:
 - Level 3.2 Fighting
 - Level 2.6 Dodging
 + Level 5.9 Unarmed Combat


You had 3 spell levels left.
You didn't know any spells.
Your spell library contained the following spells:

 Spells                   Type           Power      Damage    Failure   Level
 Ensorcelled Hibernation  Hex/Ice        0%         N/A       63%         2
 Anguish                  Hex/Necr       0%         N/A       99%         4
 Spider Form              Tmut/Pois      Unusable   N/A       N/A         3

Dungeon Overview and Level Annotations

Branches:
Dungeon (3/15)

Altars:

Annotations:
D:3 Terence


Innate Abilities, Weirdness & Mutations

You are immune to poison.
You have sharp fingernails.
Your flesh is cold resistant. (rC+)
You are immune to negative energy. (rN+++)
You do not regenerate when monsters are visible.
You are immune to unholy pain and torment.
You thrive by killing the living.


Message History

You scratch Terence.
Terence is heavily wounded.
The frilled lizard closely misses you. Terence misses you.
You scratch the frilled lizard but do no damage.
You scratch Terence but do no damage.
Terence is heavily wounded.
The frilled lizard bites you but does no damage.
Terence hits you with a +2 flail of protection.
* * * LOW HITPOINT WARNING * * *
You scratch Terence but do no damage.
Terence is heavily wounded.
You scratch Terence but do no damage.
Terence is heavily wounded.
Terence barely misses you. The frilled lizard barely misses you.
You scratch Terence but do no damage.
Terence is heavily wounded.
The frilled lizard misses you. Terence closely misses you.
You scratch Terence but do no damage.
Terence is heavily wounded.
You scratch Terence but do no damage.
Terence is heavily wounded.
The frilled lizard closely misses you.
Terence hits you with a +2 flail of protection!!
* * * LOW HITPOINT WARNING * * *
The dart slug launches a dart at you. The slug dart misses you.
You scratch Terence but do no damage.
Terence is heavily wounded.
You scratch Terence but do no damage.
Terence is heavily wounded.
Terence barely misses you.
The frilled lizard bites you but does no damage.
You scratch Terence but do no damage.
Terence is heavily wounded.
The dart slug launches a dart at you.
The slug dart hits you but does no damage.
You scratch Terence.
Terence is heavily wounded.
Terence hits you with a +2 flail of protection!
You die...

#.......... #..........
#.......... #..........
#.......... #..........
#.w@l...... #..@.......
###'#########+######
#######................#
########........##............#
.....##.######.##.............
#....# ##.....##.#####.#'###.
#....+ .#.######.......#<#
#....# .#.# #########.# #....#
... ...


You could see Terence (strong), a dart slug and a frilled lizard.

Vanquished Creatures
  Jessica (D:2)
  2 adders (D:2)
  A dart slug (D:1)
  4 endoplasms
  4 hobgoblins
  10 jackals
  4 kobolds
  3 quokkas
  5 ball pythons
  5 bats
  2 frilled lizards (D:1)
  4 goblins
  6 rats
51 creatures vanquished.

Notes
Turn   | Place    | Note
-------+----------+-------------------------------------------
     0 | D:1      | Cheops the Ghoul Monk began the quest for the Orb.
     0 | D:1      | Reached XP level 1. HP: 19/19 MP: 0/0
   104 | D:1      | Reached XP level 2. HP: 13/26 MP: 1/1
   208 | D:1      | Reached skill level 4 in Unarmed Combat
   362 | D:1      | Reached XP level 3. HP: 31/31 MP: 2/2
   614 | D:2      | Noticed Jessica
   614 | D:2      | Found a faded altar of an unknown god.
   615 | D:2      | Killed Jessica
   616 | D:2      | Reached skill level 5 in Unarmed Combat
   625 | D:2      | Reached XP level 4. HP: 33/38 MP: 3/3
  1450 | D:3      | Noticed Terence
  1472 | D:3      | Mangled by Terence

Illustrated notes

Levels and vault maps discovered:
D:1:      zaba_arrival_water, layout_rooms
D:2:      layout_loops_ring, nicolae_ecumenical_pavilion, uniq_jessica
D:3:      layout_basic, minmay_large_rounded_square, minivault_25, uniq_terence

Skill      XL: |  1  2  3 |
---------------+----------+-----
Unarmed Combat | 4 5 |  5.9
Fighting       | |  3.2
Dodging        | |  2.6

Action                     |  1- 3 |  4- 6 || total
---------------------------+-------+-------++-------
  Melee: Unarmed           |    55 |    81 ||   136
    Use: Potion            |       |     1 ||     1
 Armour: Robe              |    12 |    16 ||    28
  Dodge: Dodged            |    42 |    56 ||    98
